 Dungeon Crawl Stone Soup version 0.31-a0-854-g362426d53f (webtiles) character file.

Game seed: 10957951796162059450

32 Kurtz the Sneak (level 3, 0/34 HPs)
             Began as a Naga Delver on Oct 8, 2023.
             Slain by a cerulean imp
             ... wielding a +0 spear
             ... summoned by Natasha
              (5 damage)
             ... on level 2 of the Dungeon.
             The game lasted 00:02:42 (1339 turns).

Kurtz the Sneak (Naga Delver)                       Turns: 1339, Time: 00:02:43

Health: 0/34       AC:  3    Str: 14    XL:     3   Next: 27%
Magic:  3/3        EV:  9    Int: 10    God:
Gold:   82         SH:  0    Dex: 14    Spells: 2/2 levels left

rFire   . . .        a - +0 hand axe
rCold   . . .        (no shield)
rNeg    . . .        b - +0 leather armour
rPois   +            j - +0 helmet
rElec   .            (no cloak)
rCorr   .            (no gloves)
SInv    +            (no barding)
Will    .....        (no amulet)
Stlth   +++          (no ring)
HPRegen 0.25/turn    (no ring)
MPRegen 0.08/turn

%: no passive effects
@: very slow
A: AC +1, large, see invisible, deformed body, poison resistance, slowness 2,
spit poison 1, naga tail 1
a: Spit Poison


You were on level 2 of the Dungeon.
You visited 1 branch of the dungeon, and saw 5 of its levels.

You collected 82 gold pieces.

Inventory:

Hand Weapons
 a - a +0 hand axe (weapon)
Armour
 b - a +0 leather armour (worn)
 j - a +0 helmet (worn)
Jewellery
 i - an amulet of faith
Wands
 g - a wand of digging (3)
 k - a wand of iceblast (12)
Scrolls
 c - a scroll of fog
 d - 2 scrolls of revelation
 e - a scroll of fear
Potions
 f - a potion of haste
 h - a potion of enlightenment {unknown}


   Skills:
 - Level 3.0 Fighting
 * Level 3.6 Axes
 - Level 1.5 Dodging
 - Level 7.2 Stealth


You had 2 spell levels left.
You didn't know any spells.
Your spell library was empty.

Dungeon Overview and Level Annotations

Branches:
Dungeon (5/15)
 Temple: D:4-7

Altars:

Annotations:
D:2 Natasha
D:3 1 exclusion


Innate Abilities, Weirdness & Mutations

Your serpentine skin is tough. (AC +1)
You have supernaturally acute eyesight. (SInv)
Armour fits poorly on your strangely shaped body.
Your system is resistant to poisons. (rPois)
You cover ground very slowly.
You can spit poison.
You have a snake-like lower body.


Message History

Found a jewelled glass wand.
The endoplasm hits you but does no damage. x2
You hit the endoplasm.
The endoplasm is almost dead.
The endoplasm barely misses you.
You barely miss the endoplasm.
The endoplasm is almost dead.
The endoplasm freezes you.
You are frozen.
You hit the endoplasm.
You kill the endoplasm!
No target in view!
HP restored.
You see here a quokka skeleton.
You now have 82 gold pieces (gained 11).
k - a wand of iceblast (12) No target in view!
Natasha, Servant of Life and Death comes into view.
Natasha hisses angrily.
Natasha casts a spell at you. The magic dart hits you!
Natasha claws you but does no damage.
You barely miss Natasha. Natasha closely misses you.
You closely miss Natasha. Natasha casts a spell at you.
The magic dart hits you!
You barely miss Natasha. Natasha claws you!
Natasha is nearby!
You are too injured to fight recklessly!
You are too injured to fight recklessly!
Unknown command.
You barely miss Natasha.
Natasha mumbles some strange words.
Natasha claws you!
* * * LOW HITPOINT WARNING * * *
You hit Natasha.
Natasha is moderately wounded.
You completely miss the cerulean imp.
The cerulean imp hits you with a +0 spear.
You die...

.##...............#
#...............#
#######.........#
#.........##
#..........#
########...##
##...## ###....#
#5@....# #h#....#
#..#....#
...#####.# ..## ...
#.. .... #. ... #


You could see Natasha and a cerulean imp (summoned).

Vanquished Creatures
  2 dart slugs
  A ball python (D:1)
  A bat (D:1)
  5 endoplasms
  2 giant cockroaches
  2 goblins
  2 hobgoblins (D:1)
  4 kobolds
  A quokka (D:2)
  2 frilled lizards (D:1)
  3 rats (D:1)
25 creatures vanquished.

Notes
Turn   | Place    | Note
-------+----------+-------------------------------------------
     0 | D:5      | Kurtz the Naga Delver began the quest for the Orb.
     0 | D:5      | Reached XP level 1. HP: 21/21 MP: 1/1
    68 | D:5      | Noticed a howler monkey
   409 | D:2      | Reached XP level 2. HP: 5/28 MP: 2/2
   923 | D:1      | Reached XP level 3. HP: 33/34 MP: 3/3
  1332 | D:2      | Noticed Natasha
  1339 | D:2      | Slain by a cerulean imp

Illustrated notes

Levels and vault maps discovered:
D:1:      dpeg_arrival_refuge, layout_loops_cross, kennysheep_doodads,
          minmay_pentomino_z2
D:2:      layout_rooms, uniq_robin, uniq_natasha
D:3:      layout_basic, kennysheep_generic_room_16
D:4:      minmay_polygon_palace, layout_loops_ring,
          grunt_temple_overflow_octagram, uniq_ijyb, uniq_grinder,
          uniq_blork_the_orc, uniq_pikel
D:5:      layout_basic, gup_sewer_entry_pipe,
          minmay_a_box_with_orc_wizards_in_it, uniq_sigmund

Skill      XL: |  1  2 |
---------------+-------+-----
Axes           | 3 |  3.6
Fighting       | |  3.0
Dodging        | |  1.5
Stealth        | |  7.2

Action                     || total
---------------------------++-------
  Melee: Hand axe          ||    79
         Punch             ||     1
   Stab: Sleeping          ||    11
 Armour: Leather armour    ||    42
  Dodge: Dodged            ||    38

Table legend: (Time is in decaauts)
 A = Elapsed time spent in this place.
 B = Non-inter-level travel time spent in this place.
 C = Inter-level travel time spent in this place.
 D = Time resting spent in this place.
 E = Time spent auto-exploring this place.
 F = Levels seen in this place.
 G = Mean time per level.
                   A        B        C        D        E       F      G
               +--------+--------+--------+--------+--------+-----+--------+
         Total |   1709 |   1651 |     58 |    155 |   1023 |   5 |  341.8 |
       Dungeon |   1709 |   1651 |     58 |    155 |   1023 |   5 |  341.8 |
               +--------+--------+--------+--------+--------+-----+--------+

Top non-repeatable levels by time:
     D:1: 976 daAuts
     D:2: 350 daAuts
     D:3: 206 daAuts
     D:5: 159 daAuts
     D:4: 15 daAuts
